 Dungeon Crawl Stone Soup version 0.30-a0-122-g2a1322497e (webtiles) character file.

Game seed: 17185673695868962552

661 Decritt the Shooter (level 7, -2/32 (37) HPs)
             Began as a Spriggan Hunter on Sept 17, 2022.
             Was a Follower of Fedhas.
             Engulfed by a cloud of poison gas (5 damage)
             ... on level 5 of the Dungeon.
             The game lasted 00:10:04 (4063 turns).

Decritt the Shooter (Spriggan Hunter)               Turns: 4063, Time: 00:10:05

HP:   -2/32 (37)    AC:  2    Str:  7    XL:     7   Next: 30%
MP:   9/9           EV: 24    Int: 10    God:    Fedhas [*.....]
Gold: 129           SH:  0    Dex: 21    Spells: 6/6 levels left

rFire   . . .      SeeInvis +    a - +0 shortbow (vorpal)
rCold   . . .      Faith    .    (shield currently unavailable)
rNeg    . . .      Spirit   .    c - +0 robe
rPois   .          Reflect  .    (helmet restricted)
rElec   .          Harm     .    (no cloak)
rCorr   +          Rampage  .    (gloves unavailable)
Will    .....                    (boots unavailable)
Stlth   +++.......               (no amulet)
HPRegen 0.10/turn                j - +4 ring of evasion
MPRegen 0.11/turn                o - ring of resist corrosion

@: lethally poisoned (-2 -> -17), weak-willed, heavily drained, very quick
A: very small, no large weapons, unfitting armour, see invisible, speed 3
a: Renounce Religion


You were on level 5 of the Dungeon.
You worshipped Fedhas.
Fedhas was aware of your devotion.
You visited 1 branch of the dungeon, and saw 5 of its levels.

You collected 129 gold pieces.

Inventory:

Hand Weapons
 a - a +0 vorpal shortbow (weapon)
Armour
 c - a +0 robe (worn)
Jewellery
 j - a +4 ring of evasion (left hand)
 o - a ring of resist corrosion (right hand)
Wands
 g - a wand of flame (13)
 h - a wand of mindburst (17)
Scrolls
 b - a scroll of immolation
 d - a scroll of vulnerability
 e - a scroll of torment
 i - a scroll of magic mapping
 k - 2 scrolls of brand weapon
Potions
 f - a potion of attraction {unknown}
 l - a potion of curing


   Skills:
 * Level 3.9 Fighting
 * Level 5.8 Ranged Weapons
 + Level 4.9 Dodging
 + Level 4.8 Stealth
 + Level 2.1 Invocations


You had 6 spell levels left.
You didn't know any spells.
Your spell library contained the following spells:

 Spells                   Type           Power      Damage    Failure   Level
 Magic Dart               Conj           0%         1d3       36%         1
 Ensorcelled Hibernation  Hex/Ice        0%         N/A       50%         2
 Passwall                 Tmut/Erth      0%         N/A       50%         2
 Searing Ray              Conj           0%         2d4       50%         2
 Swiftness                Air            0%         N/A       75%         3
 Fulminant Prism          Conj/Hex       0%         3d6       98%         4


Dungeon Overview and Level Annotations

Branches:
Dungeon (5/15)             Temple (0/1) D:4

Altars:
Ashenzari
Cheibriados
Dithmenos
Fedhas
Kikubaaqudgha
Makhleb
Qazlal
Sif Muna
Trog
Zin
The Shining One

Shops:
D:3 [


Innate Abilities, Weirdness & Mutations

You are very small and have problems with some larger weapons.
You are too small for most types of armour.
You have supernaturally acute eyesight. (SInv)
You cover ground extremely quickly. (Speed+++)


Message History

The gnoll hits you with a +2 whip of draining.
* * * LOW HITPOINT WARNING * * *
You feel drained.
* * * LOW HITPOINT WARNING * * *
There is an open door here.
You shoot an arrow. The arrow hits the gnoll.
The gnoll is moderately wounded.
The gnoll completely misses you.
As you read the scroll labelled XIRHUADWUO, it crumbles to dust.
It is a scroll of brand weapon.
Your +0 shortbow emits a brilliant flash of light!
a - a +0 vorpal shortbow (weapon)
As you read the scroll labelled XOM WIUKHIOPH, it crumbles to dust.
Magic quickly surges around you.
It was a scroll of vulnerability.
The gnoll hits you with a +1 vampiric whip.
* * * LOW HITPOINT WARNING * * *
The gnoll draws strength from your wounds!
The gnoll hits you with a +2 whip of draining.
* * * LOW HITPOINT WARNING * * *
You feel drained.
* * * LOW HITPOINT WARNING * * *
As you read the scroll labelled YPSUAMM JATO, it crumbles to dust.
It is a scroll of amnesia.
You feel forgetful for a moment.
The gnoll hits you with a +1 vampiric whip.
* * * LOW HITPOINT WARNING * * *
The gnoll completely misses you. x2
The air fills with toxic fumes!
As you read the scroll labelled ZADUISK AVOU, it crumbles to dust.
It was a scroll of poison.
The gnoll hits you with a +1 vampiric whip.
* * * LOW HITPOINT WARNING * * *
The gnoll barely misses you. The gnoll completely misses you.
Really walk into that cloud of poison gas?
Okay, then.
Really walk into that cloud of poison gas?
You are engulfed in poison gas.
You are lethally poisoned!
You die...
Fedhas appreciates your contribution to the ecosystem.

# ..
##################
...#o..o...§§§§§§§§§#
.o.'........#gg§§§§§#
...#......g.#§g.§§§§#
.. #........#§§§@§§§#
. #........#§§§§§§§#
#.......##§§§§§§§#
#..##...##########
########...##.......#
#..........#........#
+..........#........#
#..........#####'####
#..........##.......#


You could see 3 gnolls.

Vanquished Creatures
  A sky beast (D:4)
  An ice beast (D:4)
  An ogre (D:5)
  A gnoll sergeant (D:5)
  2 hounds (D:4)
  A jelly (D:4)
  A gnoll bouda (D:4)
  8 gnolls
  4 adders
  A shadow imp (D:4)
  A worm (D:2)
  2 dart slugs
  8 ball pythons
  10 endoplasms
  4 giant cockroaches
  5 goblins
  6 hobgoblins
  3 jackals (D:4)
  9 kobolds
  A quokka (D:2)
  7 bats
  3 frilled lizards
  6 rats
86 creatures vanquished.

Notes
Turn   | Place    | Note
-------+----------+-------------------------------------------
     0 | D:1      | Decritt the Spriggan Hunter began the quest for the Orb.
     0 | D:1      | Reached XP level 1. HP: 10/10 MP: 2/2
   369 | D:1      | Reached XP level 2. HP: 15/15 MP: 3/3
   452 | D:1      | Found a faded altar of an unknown god.
   609 | D:1      | Reached XP level 3. HP: 7/18 MP: 4/4
  1241 | D:2      | Reached XP level 4. HP: 23/23 MP: 5/5
  1705 | D:3      | Found an ancient bone altar of Kikubaaqudgha.
  1723 | D:3      | Found Awiul's Antique Armour Shop.
  1770 | D:3      | Found a shimmering blue altar of Sif Muna.
  1786 | D:3      | Found a glowing silver altar of Zin.
  1789 | D:3      | Found a bloodstained altar of Trog.
  1829 | D:3      | Found a broken altar of Ashenzari.
  1830 | D:3      | Found a snail-covered altar of Cheibriados.
  1831 | D:3      | Found a stormy altar of Qazlal.
  1832 | D:3      | Found a shadowy altar of Dithmenos.
  1833 | D:3      | Found a blossoming altar of Fedhas.
  1834 | D:3      | Found a glowing golden altar of the Shining One.
  1840 | D:3      | Became a worshipper of Fedhas Madash
  2408 | D:4      | Found a burning altar of Makhleb.
  2518 | D:4      | Reached XP level 5. HP: 20/28 MP: 6/6
  2597 | D:4      | Found a staircase to the Ecumenical Temple.
  2716 | D:4      | Reached skill level 5 in Ranged Weapons
  2882 | D:4      | Noticed a sky beast
  2962 | D:4      | Killed a sky beast
  2963 | D:4      | Reached skill level 1 in Invocations
  2963 | D:4      | Reached XP level 6. HP: 32/32 MP: 7/7
  3423 | D:4      | Reached * piety under Fedhas
  3486 | D:5      | Entered Level 5 of the Dungeon
  3517 | D:5      | Noticed an ice beast
  3884 | D:4      | Killed an ice beast
  3913 | D:5      | Reached XP level 7. HP: 37/37 MP: 9/9
  4063 | D:5      | Engulfed by a cloud of poison gas

Illustrated notes

Levels and vault maps discovered:
D:1:      ncdulo_smallfort, layout_rooms, hellmonk_ecumenical_altar_heavens_door
D:2:      layout_rooms, feat_on_display
D:3:      layout_rooms, nicolae_kikubaaqudgha_miasma_corner, minitemple,
          mainiacjoe_overflow_chevrons, serial_shops,
          nicolae_shop_hallway_stairs, grunt_decor_arrowhead
D:4:      layout_rooms, old_standard_altar, minmay_temple_entry_statues
D:5:      layout_gridville, minmay_door_square, uniq_grinder, uniq_edmund

Skill      XL: |  1  2  3  4  5  6  7 |
---------------+----------------------+-----
Stealth        | 2 3 4 |  4.8
Dodging        | 3 4 |  4.9
Fighting       | 2 3 |  3.9
Ranged Weapons | 5 |  5.8
Invocations    | 1 2 |  2.1

Action                   |  1- 3 |  4- 6 |  7- 9 || total
-------------------------+-------+-------+-------++-------
 Fire: Shortbow          |   116 |   165 |    21 ||   302
  Use: Scroll            |       |     4 |     4 ||     8
Armor: Robe              |     9 |     4 |       ||    13
Dodge: Dodged            |    46 |    70 |     9 ||   125

Table legend: (Time is in decaauts)
 A = Elapsed time spent in this place.
 B = Non-inter-level travel time spent in this place.
 C = Inter-level travel time spent in this place.
 D = Time resting spent in this place.
 E = Time spent auto-exploring this place.
 F = Levels seen in this place.
 G = Mean time per level.
                   A        B        C        D        E       F      G
               +--------+--------+--------+--------+--------+-----+--------+
         Total |   3354 |   3247 |    107 |   1172 |   1418 |   5 |  670.8 |
       Dungeon |   3354 |   3247 |    107 |   1172 |   1418 |   5 |  670.8 |
               +--------+--------+--------+--------+--------+-----+--------+

Top non-repeatable levels by time:
     D:4: 1354 daAuts
     D:1: 791 daAuts
     D:2: 626 daAuts
     D:3: 411 daAuts
     D:5: 171 daAuts
